 Dungeon Crawl Stone Soup version 0.31-a0-237-g2d982f9f85 (webtiles) character file.

Game seed: 13448384791388434271

170 qw the Shooter (level 5, -5/30 HPs)
             Began as a Gargoyle Hexslinger on July 10, 2023.
             Slain by an iguana (7 damage)
             ... on level 4 of the Dungeon.
             The game lasted 00:00:55 (2338 turns).

qw the Shooter (Gargoyle Hexslinger)                Turns: 2338, Time: 00:00:56

Health: -5/30      AC: 10    Str: 12    XL:     5   Next: 51%
Magic:  6/6        EV: 10    Int: 19    God:
Gold:   138        SH:  0    Dex: 11    Spells: 5/6 levels left

rFire   . . .        Y - +1 sling
rCold   . . .        (no shield)
rNeg    + . .        e - +0 ring mail
rPois   inf          (no helmet)
rElec   +            (no cloak)
rCorr   .            (no gloves)
SInv    .            b - +0 pair of boots
Will    +++..        c - amulet of the acrobat
Stlth   +            i - ring of Virtue {*Slow rPois Will+++ Int+6 Dex-3}
HPRegen 0.25/turn    (no ring)
MPRegen 0.10/turn

%: slow self (1%), acrobat
@: no status effects
A: sickness immunity, AC +4, negative energy resistance 1, electricity
resistance, torment resistance 1, petrification resistance
a: no special abilities


You were on level 4 of the Dungeon.
You visited 1 branch of the dungeon, and saw 4 of its levels.

You collected 138 gold pieces.


Innate Abilities, Weirdness & Mutations

You are immune to sickness and miasma.
Your stone body is resilient. (AC +4)
You are immune to poison.
You resist negative energy. (rN+)
You are resistant to electric shocks. (rElec)
You are resistant to unholy torment.
You are immune to petrification.


   Skills:
 + Level 2.1 Fighting
 - Level 5.0 Ranged Weapons
 - Level 1.3 Armour
 - Level 1.5 Dodging
 - Level 1.0 Spellcasting
 - Level 2.6 Hexes


You had 5 spell levels left.
You knew the following spells:

 Your Spells              Type           Power      Damage    Failure   Level
a - Slow                  Hex            44%        N/A       14%         1

Your spell library contained the following spells:

 Spells                   Type           Power      Damage    Failure   Level
 Inner Flame              Hex/Fire       6%         N/A       56%         3
 Portal Projectile        Hex/Tloc       12%        N/A       56%         3
 Cause Fear               Hex            5%         N/A       80%         4

Inventory:

Hand Weapons
 Y - a +1 sling (weapon)
Armour
 b - a +0 pair of boots (worn)
 e - a +0 ring mail (worn)
Jewellery
 c - an amulet of the acrobat (around neck)
 d - a ring of ice
 i - the ring of Virtue (left hand) {*Slow rPois Will+++ Int+6 Dex-3}
   (You found it on level 3 of the Dungeon)

   [ring of poison resistance]

   Int:       It affects your intelligence (+6).
   Dex:       It affects your dexterity (-3).
   rPois:     It protects you from poison.
   *Slow:     It may slow you when you take damage.
   Will:      It greatly increases your willpower.
Scrolls
 j - a scroll of identify
Potions
 a - a potion of degeneration {unknown}
 f - a potion of cancellation {unknown}
 h - a potion of might {unknown}

Dungeon Overview and Level Annotations

Branches:
Dungeon (4/15)
 Temple: D:4-7

Altars:
Kikubaaqudgha
Ru

Shops:
D:2 (


Message History

You shoot a sling bullet.
The sling bullet closely misses the iguana.
You shoot a sling bullet.
The sling bullet hits the iguana but does no damage.
The iguana is lightly wounded.
You shoot a sling bullet.
The sling bullet closely misses the iguana.
You shoot a sling bullet. The sling bullet hits the iguana.
The iguana is moderately wounded.
The iguana bites you!
You shoot a sling bullet.
The sling bullet hits the iguana but does no damage.
The iguana is moderately wounded.
The iguana bites you!
You shoot a sling bullet.
The sling bullet closely misses the iguana.
The iguana bites you!
The iguana bites you but does no damage.
You shoot a sling bullet. The sling bullet hits the iguana.
The iguana is heavily wounded.
The iguana barely misses you.
You shoot a sling bullet.
The sling bullet hits the iguana but does no damage.
The iguana is heavily wounded.
The iguana bites you but does no damage.
You shoot a sling bullet. The sling bullet hits the iguana.
The iguana is heavily wounded.
The iguana bites you but does no damage.
The iguana barely misses you.
You shoot a sling bullet.
The sling bullet closely misses the iguana.
The iguana bites you but does no damage.
You shoot a sling bullet.
The sling bullet barely misses the iguana.
The iguana barely misses you.
You shoot a sling bullet.
The sling bullet hits the iguana but does no damage.
The iguana is heavily wounded.
The iguana bites you! x2
You die...

###......# #.#.#
#......#######...#
..#####.........###
##. ###.##.#.## #
#.##.#.# #......#
######.###
.#####...##.#
......l@.##.#
######......#
########


You could see an iguana.

Vanquished Creatures
  A scorpion (D:3)
  6 adders
  2 dart slugs (D:1)
  7 ball pythons
  5 bats
  2 endoplasms (D:2)
  2 giant cockroaches
  6 goblins
  7 hobgoblins
  5 kobolds
  3 quokkas
  4 frilled lizards
  4 rats
54 creatures vanquished.

Notes
Turn   | Place    | Note
-------+----------+-------------------------------------------
     0 | D:1      | qw the Gargoyle Hexslinger began the quest for the Orb.
     0 | D:1      | Reached XP level 1. HP: 12/12 MP: 2/2
     0 | D:1      | 0 ||| qw: Version: 0.3-a-52-g30416fa
     0 | D:1      | 0 ||| qw: Game counter: 5274
     0 | D:1      | 0 ||| qw: Melee chars always use a shield: true
     0 | D:1      | 0 ||| qw: God list: Okawaru
     0 | D:1      | 0 ||| qw: Allow faded altars: false
     0 | D:1      | 0 ||| qw: Do Orc after clearing Dungeon:15 true
     0 | D:1      | 0 ||| qw: Do second Lair branch before Depths: true
     0 | D:1      | 0 ||| qw: Lair rune preference: random
     0 | D:1      | 0 ||| qw: Goals: Normal
     0 | D:1      | 0 ||| PLANNING D:1-11
   249 | D:1      | Reached XP level 2. HP: 16/16 MP: 3/3
   476 | D:1      | Reached skill level 3 in Ranged Weapons
   824 | D:1      | 824 ||| UPGRADING to +0 ring mail.
   834 | D:1      | 834 ||| DROPPING +0 robe.
   835 | D:1      | 835 ||| READING scroll labelled URHEYL NUDU.
   836 | D:1      | 836 ||| DROPPING scroll of poison.
   915 | D:2      | Reached XP level 3. HP: 21/21 MP: 4/4
  1122 | D:2      | Reached XP level 4. HP: 26/26 MP: 5/5
  1125 | D:2      | Found Yliwoizi's Antique Weapon Shop.
  1139 | D:2      | Found a sacrificial altar of Ru.
  1236 | D:2      | Reached skill level 4 in Ranged Weapons
  1299 | D:2      | 1299 ||| READING scroll labelled SUPASHR XYCUUM.
  1382 | D:3      | Reached skill level 1 in Armour
  1580 | D:3      | Noticed a scorpion
  1589 | D:3      | Killed a scorpion
  1590 | D:3      | Reached XP level 5. HP: 13/30 MP: 6/6
  1759 | D:3      | Reached skill level 5 in Ranged Weapons
  1939 | D:3      | Identified the ring of Virtue {*Slow rPois Will+++ Int+6
                  | Dex-3}
  2241 | D:3      | 2241 ||| UPGRADING to +0 pair of boots.
  2246 | D:3      | 2246 ||| UPGRADING to amulet of the acrobat.
  2251 | D:3      | 2251 ||| DROPPING ring of wizardry.
  2252 | D:3      | 2252 ||| UPGRADING to ring of Virtue {*Slow rPois Will+++
                  | Int+6 Dex-3}.
  2253 | D:3      | 2253 ||| READING 2 scrolls labelled WEBRA IDWE.
  2309 | D:4      | Found an ancient bone altar of Kikubaaqudgha.
  2332 | D:4      | HP: 7/30 [iguana (8)]
  2338 | D:4      | HP: 2/30 [iguana (7)]
  2338 | D:4      | Slain by an iguana

Levels and vault maps discovered:
D:1:      shiori_shiawase, layout_loops_corners, minmay_pentomino_z2
D:2:      layout_rooms, basic_altar, serial_shops, nicolae_shop_stone
D:3:      layout_basic
D:4:      layout_loops_cross, kennysheep_mini, lemuel_doored_altar,
          nicolae_uskayaw_en_pointe

Skill      XL: |  1  2  3  4  5 |
---------------+----------------+-----
Ranged Weapons | 3 4 5 |  5.0
Fighting       | 2 |  2.1
Armour         | 1 |  1.3
Dodging        | |  1.5
Spellcasting   | |  1.0
Hexes          | |  2.6

Action                     |  1- 3 |  4- 6 || total
---------------------------+-------+-------++-------
   Fire: Sling             |   118 |   119 ||   237
    Use: Scroll            |     1 |     2 ||     3
 Armour: Robe              |     8 |       ||     8
         Ring mail         |    30 |    39 ||    69
  Dodge: Dodged            |    42 |    41 ||    83

Table legend:
 A = Non-vault XP
 B = Vault XP
 C = Vault XP percentage of total XP
 D = Non-vault monster count
 E = Vault monster count
 F = Vault count percentage of total count
                 A         B        C        D         E       F
            +---------+---------+-------+---------+---------+-------
      Total |     240 |       4 |   1.6 |      52 |       2 |   3.7
            +---------+---------+-------+---------+---------+-------
        D:1 |      28 |       4 |  12.5 |      14 |       2 |  12.5
        D:2 |      62 |       0 |   0.0 |      17 |       0 |   0.0
        D:3 |     148 |       0 |   0.0 |      20 |       0 |   0.0
        D:4 |       2 |       0 |   0.0 |       1 |       0 |   0.0
            +---------+---------+-------+---------+---------+-------
